 Dungeon Crawl Stone Soup version bcrawl-1.37.2 (webtiles) character file.

Game seed: 17153365623310309272

230419 Mehrunes the Fighter (level 10, 0/80 HPs)
             Began as a Demonspawn Abyssal Knight on Nov 4, 2022.
             Was an Elder of Lugonu.
             Hit by a large rock thrown by a cyclops (26 damage)
             ... on level 9 of the Dungeon.
             The game lasted 00:23:04 (13399 turns).

Mehrunes the Fighter (Demonspawn Abyssal Knight)   Turns: 13399, Time: 00:23:04

Health: 0/80       AC: 18    Str: 18    XL:     10   Next: 78%
Magic:  25/25      EV:  6    Int: 11    God:    Lugonu [****..]
Gold:   463        SH:  7    Dex: 13    Spells: 7/9 levels left

rFire    . . .     GDR:     28% I - +0 scimitar
rCold    . . .     SeeInvis .   G - +0 buckler
rNeg     . . .     Gourm    +   H - +0 plate armour
rPois    .         Faith    .   (helmet restricted)
rElec    .         Spirit   .   w - +0 cloak
rCorr    .         Reflect  .   (no gloves)
MR       +....                  K - +2 pair of boots of the Assassin {Detection Stab+ Stlth++}
Stlth    +.........             q - amulet of the gourmand
HPRegen  0.23/turn              u - ring of magical power
MPRegen  0.19/turn              y - ring of protection from magic

@: no status effects
A: antennae 1, molten scales 1, nightstalker 2, powered by death 2
a: Depart the Abyss, Bend Space, Banish, Corrupt, Renounce Religion


You were on level 9 of the Dungeon.
You worshipped Lugonu.
Lugonu was greatly pleased with you.
You were hungry.

You visited 1 branch of the dungeon, and saw 9 of its levels.
You visited the Abyss 1 time.

You collected 673 gold pieces.
You spent 210 gold pieces at shops.

Inventory:

Hand Weapons
 I - a +0 scimitar (weapon)
Missiles
 d - 2505 stones
 E - 79 poisoned tomahawks (quivered)
 J - 36 javelins of penetration {=f}
Armour
 p - a scarf of clouds
 w - a +0 cloak (worn)
 G - a +0 buckler (worn)
 H - a +0 plate armour (worn)
 K - the +2 pair of boots of the Assassin (worn) {Detection Stab+ Stlth++}
   (Lugonu gifted it to you on level 8 of the Dungeon)

   It makes you much more stealthy.
Jewellery
 q - an amulet of the gourmand (around neck)
 u - a ring of magical power (left hand)
 y - a ring of protection from magic (right hand)
 B - a cursed ring of teleportation {unknown}
Wands
 o - a wand of polymorph (12)
Scrolls
 a - a scroll of vulnerability {unknown}
 g - 2 scrolls of amnesia {unknown}
 h - 4 scrolls of enchant weapon {unknown}
 i - 10 scrolls of identify
 j - 6 scrolls of teleportation {unknown}
 k - a scroll of magic mapping {unknown}
 n - 2 scrolls of remove curse {unknown}
 t - 2 scrolls of fog {unknown}
 A - 2 scrolls of blinking {unknown}
Potions
 c - a potion of resistance {unknown}
 f - a potion of brilliance {unknown}
 l - a potion of mutation {unknown}
 m - 5 potions of degeneration {unknown}
 r - a potion of flight
 s - 3 potions of curing
 x - 3 potions of heal wounds {unknown}
 z - 4 potions of lignification {unknown}
 D - a potion of haste {unknown}
 F - a potion of magic {unknown}
Comestibles
 b - 5 chunks of flesh
 e - 6 rations {!d}


   Skills:
 + Level 8.3 Fighting
 + Level 7.2 Long Blades
 + Level 7.1 Throwing
 + Level 3.8 Armour
 - Level 6.0 Dodging
 + Level 2.0 Shields
 - Level 8.0 Invocations


You had 7 spell levels left.
You knew the following spells:

 Your Spells              Type           Power        Failure   Level  Hunger
a - Blink                 Tloc           N/A          100%        2    ####...

Your spell library contained the following spells:

 Spells                   Type           Power        Failure   Level  Hunger
 Magic Dart               Conj           #...         100%        1    None
 Call Imp                 Summ           #.....       100%        2    ####...
 Conjure Flame            Conj/Fire      #.......     100%        3    #####..
 Mephitic Cloud           Conj/Pois/Air  #.......     100%        3    #####..
 Spider Form              Tmut/Pois      #..          100%        3    #####..


Dungeon Overview and Level Annotations

Branches:
Dungeon (9/12)             Temple (0/1) D:7            Lair (0/6) D:8
    Orc (0/1) D:8

Altars:
Dithmenos
Fedhas
Gozag
Hepliaklqana
Lugonu
Nemelex Xobeh
Qazlal
Trog
Uskayaw

Shops:
D:4 [   D:7 !   D:8 (

Annotations:
D:1 1 exclusion
D:2 1 runed door
D:6 1 exclusion
D:7 1 exclusion
Abyss:1 Menkaure, Natasha


Innate Abilities, Weirdness & Mutations

You have a pair of small antennae on your head.
You are partially covered in molten scales. (AC +2)
You are significantly more attuned to the shadows.
You regenerate health from kills.


Message History

There is an open door here.
Okay, then.
There is an open door here.
The cyclops hits you but does no damage.
You hit the cyclops.
Space bends around the cyclops.
The cyclops is moderately wounded.
The cyclops hits you!!
You hit the cyclops.
Space bends around the cyclops.
The cyclops is moderately wounded.
The cyclops hits you but does no damage.
You hit the cyclops but do no damage.
Space bends around the cyclops.
The cyclops is heavily wounded.
You hit the cyclops but do no damage.
The cyclops is heavily wounded.
The cyclops hits you but does no damage.
You hit the cyclops.
The cyclops is heavily wounded.
The cyclops blinks!
The cyclops throws a large rock.
The large rock hits you!!
The cyclops throws a large rock.
The large rock hits you!!
You die...

... ###..# #..#
.......... #..+
.....C... ###..#
........ .....#
.....
...).##########..#
..............#..#
###...###.....'.@+
#........##.#..#
###...........#..#
.....(........####
........#######
.#......'..
........#...
........####
.......##


You could see a cyclops.

Vanquished Creatures
  An eye of draining (D:9)
  A hornet (D:9)
  A hippogriff (D:6)
  Grinder (D:6)
  Sigmund (D:4)
  A water moccasin (D:8)
  Duvessa (D:6)
  9 orc warriors
  A sky beast (D:6)
  5 ogres
  3 phantoms
  2 wolves (D:7)
  3 bullfrogs
  Blork the orc (D:6)
  Dowan (D:6)
  4 centaurs
  4 scorpions
  A water moccasin skeleton (D:8)
  4 electric eels (D:8)
  11 orc priests
  3 crimson imps
  A jelly (D:7)
  6 hounds
  6 bullfrog skeletons
  9 orc wizards
  5 iguanas
  Ijyb (D:4)
  6 worker ants
  A hound skeleton (D:9)
  2 worker ant zombies
  Robin (D:4)
  7 adders
  An ooze (D:5)
  An adder zombie (D:8)
  3 adder skeletons
  3 worms
  3 dart slugs
  4 leopard geckos
  47 orcs
  A ball python (D:3)
  A giant cockroach (D:3)
  10 goblins
  13 hobgoblins
  5 jackals (D:1)
  5 kobolds
  4 quokkas
  6 bats
  4 frilled lizards
  8 rats
223 creatures vanquished.

Vanquished Creatures (others)
  3 trolls
  A hornet (D:8)
  A wraith (D:7)
  A water moccasin (D:8)
  An orc warrior (D:4)
  An ogre (D:4)
  A wolf (D:8)
  2 iguanas
11 creatures vanquished.

Grand Total: 234 creatures vanquished

Notes
Turn   | Place    | Note
-------+----------+-------------------------------------------
     0 | Abyss:1  | Mehrunes the Demonspawn Abyssal Knight began the quest for
                  | the Orb.
     0 | Abyss:1  | Reached XP level 1. HP: 18/18 MP: 2/2
   157 | Abyss:1  | Noticed a spatial maelstrom
   158 | Abyss:1  | Noticed a spatial vortex
   159 | D:1      | Escaped the Abyss
   290 | D:1      | Reached * piety under Lugonu
   291 | D:1      | Reached skill level 1 in Throwing
   328 | D:1      | Gained mutation: You regenerate a little health from kills.
                  | [demonic ancestry]
   328 | D:1      | Reached XP level 2. HP: 21/24 MP: 2/4
   535 | D:1      | Reached skill level 1 in Dodging
   740 | D:1      | Reached XP level 3. HP: 29/29 MP: 5/5
  1623 | D:2      | Reached ** piety under Lugonu
  1725 | D:2      | Found a runed door.
  1761 | D:2      | Gained mutation: You are slightly more attuned to the
                  | shadows. [demonic ancestry]
  1761 | D:2      | Reached XP level 4. HP: 35/35 MP: 6/6
  2412 | D:3      | Found a hide-covered altar of Uskayaw.
  2477 | D:3      | Noticed Natasha
  2495 | D:3      | Banished Natasha
  2613 | D:3      | Found a bloodstained altar of Trog.
  2615 | D:3      | Found a hazy altar of Hepliaklqana.
  2816 | D:3      | Gained mutation: You are significantly more attuned to the
                  | shadows. [demonic ancestry]
  2816 | D:3      | Reached XP level 5. HP: 39/42 MP: 7/7
  3357 | D:3      | Found a glowing golden altar of the Shining One.
  3357 | D:3      | Found a glowing silver altar of Zin.
  3359 | D:3      | Found a white marble altar of Elyvilon.
  3630 | D:4      | Found Zifeav's Antique Armour Emporium.
  3702 | D:4      | Noticed Ijyb
  3743 | D:4      | Killed Ijyb
  3899 | D:4      | Bought a shiny helmet for 210 gold pieces
  4011 | D:4      | Noticed an ogre
  4019 | D:4      | Banished an ogre
  4020 | D:4      | Gained mutation: You are partially covered in molten
                  | scales. (AC +2) [demonic ancestry]
  4020 | D:4      | Reached XP level 6. HP: 48/48 MP: 4/9
  4059 | D:4      | Noticed Sigmund
  4205 | D:4      | Noticed an orc warrior
  4439 | D:4      | Noticed Robin
  4450 | D:4      | Killed Robin
  5249 | D:4      | Banished an orc warrior
  5417 | D:4      | Killed Sigmund
  5418 | D:4      | Reached skill level 5 in Invocations
  5418 | D:4      | Gained mutation: You regenerate health from kills. [demonic
                  | ancestry]
  5418 | D:4      | Reached XP level 7. HP: 36/55 MP: 10/10
  5801 | D:5      | Entered Level 5 of the Dungeon
  5863 | D:5      | Found a corrupted altar of Lugonu.
  5864 | D:5      | Found an opulent altar of Gozag.
  6439 | D:5      | Got a transparent quarterstaff
  6657 | D:5      | Reached skill level 5 in Fighting
  6819 | D:5      | Reached XP level 8. HP: 61/62 MP: 12/12
  7372 | D:6      | Found a sparkling altar of Nemelex Xobeh.
  7391 | D:6      | Noticed Dowan
  7394 | D:6      | Noticed Duvessa
  7406 | D:6      | Killed Duvessa
  7412 | D:6      | Killed Dowan
  7587 | D:6      | Noticed a troll
  7597 | D:6      | Banished a troll
  7993 | D:6      | Noticed Grinder
  7994 | D:6      | Noticed Blork the orc
  8008 | D:6      | Killed Blork the orc
  8016 | D:6      | Killed Grinder
  8017 | D:6      | Reached skill level 5 in Long Blades
  8017 | D:6      | Reached XP level 9. HP: 58/69 MP: 14/14
  8160 | D:6      | Noticed Menkaure
  8171 | D:6      | Banished Menkaure
  8365 | D:6      | Reached skill level 5 in Throwing
  8597 | D:6      | Reached skill level 5 in Dodging
  9184 | D:7      | Reached *** piety under Lugonu
  9354 | D:7      | Found a staircase to the Ecumenical Temple.
  9377 | D:7      | Found Qiesiys's Distillery.
  9417 | D:7      | Found a stormy altar of Qazlal.
  9770 | D:7      | Found a shadowy altar of Dithmenos.
  9840 | D:7      | Found a blossoming altar of Fedhas.
 10006 | D:7      | Learned a level 2 spell: Blink
 10016 | D:8      | Noticed a two-headed ogre
 10017 | D:8      | Banished a two-headed ogre
 10026 | D:8      | Noticed a troll
 10042 | D:8      | Banished a troll
 10255 | D:8      | Gained mutation: You have a pair of small antennae on your
                  | head. [demonic ancestry]
 10255 | D:8      | Reached XP level 10. HP: 70/79 MP: 16/16
 10742 | D:7      | Found a staircase to the Ecumenical Temple.
 10760 | D:7      | Found a shadowy altar of Dithmenos.
 10795 | D:7      | Found a stormy altar of Qazlal.
 10808 | D:7      | Found Qiesiys's Distillery.
 10846 | D:7      | Found a blossoming altar of Fedhas.
 11627 | D:8      | Found a staircase to the Lair.
 11881 | D:8      | Found Gadwaef's Antique Weapon Emporium.
 12709 | D:8      | Found a roughly hewn altar of Beogh.
 12730 | D:8      | Reached **** piety under Lugonu
 12732 | D:8      | Reached skill level 1 in Shields
 12785 | D:8      | Found a staircase to the Orcish Mines.
 12797 | D:8      | Received a gift from Lugonu
 12798 | D:8      | Found the +2 pair of boots of the Assassin {Detection Stab+
                  | Stlth++}
 13385 | D:9      | Noticed a cyclops
 13399 | D:9      | Hit by a large rock thrown by a cyclops

Skill      XL: |  1  2  3  4  5  6  7  8  9 10 |
---------------+-------------------------------+-----
Throwing       | 1 2 3 4 6 7 |  7.1
Long Blades    | 2 3 4 5 6 7 |  7.2
Invocations    | 3 4 5 6 7 8 |  8.0
Dodging        | 1 2 3 4 5 6 |  6.0
Fighting       | 4 5 6 7 8 |  8.3
Armour         | 3 |  3.8
Shields        | 2 |  2.0

Action                   |  1- 3 |  4- 6 |  7- 9 | 10-12 || total
-------------------------+-------+-------+-------+-------++-------
Melee: Long sword        |   153 |   169 |   386 |    20 ||   728
       Unarmed           |       |     3 |     5 |       ||     8
       Scimitar          |       |       |       |   228 ||   228
Throw: Tomahawk          |     9 |     1 |    59 |    37 ||   106
       Stone             |       |    14 |    12 |       ||    26
       Javelin           |       |       |       |    17 ||    17
Invok: Depart the Abyss  |     1 |       |       |       ||     1
       Banish            |       |     4 |     6 |     4 ||    14
  Use: Potion            |       |     3 |       |       ||     3
 Stab: Sleeping          |       |     3 |     7 |       ||    10
       Confused          |       |       |     1 |       ||     1
  Eat: Chunk             |     8 |    11 |    22 |    13 ||    54
       Ration            |       |     1 |     4 |       ||     5
Armor: Ring mail         |    96 |    65 |   141 |     4 ||   306
       Plate armour      |       |       |       |   120 ||   120
Dodge: Dodged            |    91 |    89 |   214 |    65 ||   459
Block: Other             |       |       |     5 |     1 ||     6
       Buckler           |       |       |       |    61 ||    61
